 Dungeon Crawl Stone Soup version 0.25-a0-513-ge77a69270c (webtiles) character file.

Game seed: 9513235554582780684, levelgen mode: deterministic

173 vurker the Gusty (level 5, -4/22 HPs)
             Began as a Felid Air Elementalist on Feb 16, 2020.
             Was an Initiate of Vehumet.
             Slain by Grinder (10 damage)
             ... while paralysed by Grinder
             ... on level 3 of the Dungeon.
             The game lasted 00:04:45 (3822 turns).

vurker the Gusty (Felid Air Elementalist)           Turns: 3822, Time: 00:04:46

Health: -4/22      AC:  1    Str:  4    XL:     5   Next: 28%
Magic:  3/11       EV:  4    Int: 18    God:    Vehumet [......]
Gold:   69         SH:  0    Dex: 16    Spells: 10/11 levels left
                                        Lives:  0   Deaths: 1

rFire    . . .     SeeInvis +   (weapon unavailable)
rCold    + . .     Gourm    .   (shield unavailable)
rNeg     . . .     Faith    .   (armour unavailable)
rPois    .         Spirit   .   (helmet unavailable)
rElec    .         Reflect  .   (cloak unavailable)
rCorr    .         Harm     .   (gloves unavailable)
MR       .....                  (boots unavailable)
Stlth    +++.......             (no amulet)
HPRegen  0.07/turn              p - ring of protection from cold
MPRegen  0.12/turn              (no ring)

@: paralysed, very slightly contaminated, quick
A: very small, no armour, no weapons or thrown items, stealth, claws 1, fangs 3,
see invisible, carnivore, speed 1, shaggy fur 1, slow metabolism 1, sharp paws
a: Renounce Religion


You were on level 3 of the Dungeon.
You worshipped Vehumet.
Vehumet was noncommittal.
You were full.

You visited 1 branch of the dungeon, and saw 3 of its levels.

You collected 69 gold pieces.

Inventory:

Jewellery
 p - a ring of protection from cold (left paw)
   (You found it on level 3 of the Dungeon)
Wands
 v - a wand of digging (6)
   (You took it off a hobgoblin on level 2 of the Dungeon)
Scrolls
 b - a scroll of teleportation {unknown}
 c - 2 scrolls of enchant weapon {unknown}
 d - a scroll of identify {unknown}
 g - 2 scrolls of fog {unknown}
 h - a scroll of amnesia {unknown}
 i - 2 scrolls of remove curse {unknown}
 j - 3 scrolls of enchant armour {unknown}
 m - a scroll of blinking {unknown}
Potions
 a - a potion of curing
 f - 2 potions of flight {unknown}
 k - 2 potions of heal wounds {unknown}
 n - a potion of mutation {unknown}
 o - a potion of magic {unknown}
Comestibles
 e - 5 rations


   Skills:
 + Level 2.0 Fighting
 - Level 2.6 Dodging
 - Level 2.6 Stealth
 * Level 3.6 Spellcasting
 + Level 2.2 Conjurations
 * Level 4.1 Air Magic


You had 10 spell levels left.
You knew the following spells:

 Your Spells              Type           Power        Failure   Level  Hunger
a - Shock                 Conj/Air       ##..         4%          1    None

Your spell library contained the following spells:

 Spells                   Type           Power        Failure   Level  Hunger
 Swiftness                Chrm/Air       ##......     10%         2    ##.....
 Static Discharge         Conj/Air       ##......     13%         3    ###....
 Airstrike                Air            ###.......   28%         4    ####...
 Lightning Bolt           Conj/Air       ##........   75%         5    ######.


Dungeon Overview and Level Annotations

Branches:
Dungeon (3/15)

Altars:
Elyvilon
Hepliaklqana
Vehumet
Zin
The Shining One

Annotations:
D:3 2 transporters, Grinder; surprisetrex's ghost, amateur HOFE


Innate Abilities, Weirdness & Mutations

You cannot wear armour.
You are incapable of wielding weapons or throwing items.
Your paws allow you to move quietly. (Stealth)
You have sharp claws.
You have razor-sharp teeth.
You have supernaturally acute eyesight. (SInv)
You are carnivorous and can eat meat at any time.
You cover ground quickly.
You are covered in fur. (AC +1)
You have a slow metabolism.
Your sharp claws are effective at attacking unaware monsters.


Message History

The zap hits Grinder.
Aim: Grinder (lightly wounded)
The zap hits Grinder. x2
Aim: Grinder (moderately wounded)
The zap misses Grinder.
The zap hits Grinder.
Grinder blinks!
You can't see any susceptible monsters within range! (Use Z to cast anyway.)
You can't see any susceptible monsters within range! (Use Z to cast anyway.) Grinder is too close now for your liking.
Aim: Grinder (moderately wounded)
The zap misses Grinder.
Grinder gestures at you. You resist with some effort.
Aim: Grinder (moderately wounded)
The zap misses Grinder.
Grinder blinks!
You can't see any susceptible monsters within range! (Use Z to cast anyway.)
You can't see any susceptible monsters within range! (Use Z to cast anyway.)
You can't see any susceptible monsters within range! (Use Z to cast anyway.) Grinder is too close now for your liking.
Aim: Grinder (moderately wounded)
The zap hits Grinder.
Aim: Grinder (moderately wounded)
The zap misses Grinder. x2
Aim: Grinder (moderately wounded)
The zap hits Grinder.
The zap hits Grinder but does no damage.
You can't see any susceptible monsters within range! (Use Z to cast anyway.)
You can't see any susceptible monsters within range! (Use Z to cast anyway.)
You can't see any susceptible monsters within range! (Use Z to cast anyway.) Grinder is too close now for your liking.
Aim: Grinder (heavily wounded)
The zap misses Grinder.
Grinder blinks!
You can't see any susceptible monsters within range! (Use Z to cast anyway.)
You can't see any susceptible monsters within range! (Use Z to cast anyway.) Grinder is too close now for your liking.
Aim: Grinder (heavily wounded)
You miscast Shock.
You are very lightly contaminated with residual magic.
Nothing appears to happen.
Grinder gestures at you.
You suddenly lose the ability to move!
Grinder gestures at you.
You struggle to resist.
Grinder gestures at you. You resist with some effort. Grinder hits you!
You writhe in agony.
* * * LOW HITPOINT WARNING * * *
Grinder gestures at you.
You shrug off the repeated paralysis!
Grinder hits you!
You die...

#...####### #.###..# #.###..
###.......# #.##..######.....#
..#######.### #.##...........###
#.# ...##.##.......^...### #.#
### #.....#.............. #.# #.#
####....####..##.#### #.## ##.#
#.<...#####..###..... #..# #..#
#.##5.###<..## #####.
##.#####.####.#.@..##.### ##
##....>.......#.##.#..#
.........#####.. #....#
#....#.#### #..# ###..#
..........###.# #.(.#### ##
........#..##.# #.#....# ##.
.....©......#.# #.####.######..
.#########....## #.# #.#......#
##8.))$:8##....####.####...######


You could see Grinder.

Vanquished Creatures
  Purgy (D:3)
  Natasha (twice) (D:2)
  A gnoll (D:1)
  2 adders
  A worm (D:2)
  2 dart slugs (D:2)
  2 leopard geckos
  3 orcs (D:3)
  3 giant cockroaches
  5 goblins
  12 hobgoblins
  4 jackals (D:1)
  3 bats
  2 frilled lizards (D:1)
  9 kobolds
  10 rats
62 creatures vanquished.

Vanquished Creatures (others)
  Natasha (D:2)
1 creature vanquished.

Grand Total: 63 creatures vanquished

Notes
Turn   | Place    | Note
-------+----------+-------------------------------------------
     0 | D:1      | vurker the Felid Air Elementalist began the quest for the
                  | Orb.
     0 | D:1      | Reached XP level 1. HP: 7/7 MP: 4/4
   114 | D:1      | Reached skill level 1 in Conjurations
   391 | D:1      | Reached XP level 2. HP: 11/11 MP: 3/6
   482 | D:1      | Reached skill level 3 in Air Magic
  1082 | D:1      | Reached XP level 3. HP: 15/15 MP: 2/7
  1144 | D:1      | Reached skill level 1 in Fighting
  1698 | D:2      | Noticed Natasha
  1719 | D:2      | Killed Natasha
  1719 | D:2      | Reached XP level 4. HP: 19/19 MP: 0/9
  1806 | D:2      | Found a white marble altar of Elyvilon.
  1885 | D:2      | Killed Natasha
  1963 | D:2      | Found a glowing silver altar of Zin.
  2105 | D:2      | Found a glowing golden altar of the Shining One.
  2120 | D:2      | Noticed Natasha
  2127 | D:2      | Killed Natasha
  2170 | D:2      | Found a radiant altar of Vehumet.
  2182 | D:2      | Became a worshipper of Vehumet
  2318 | D:2      | Found a hazy altar of Hepliaklqana.
  3067 | D:3      | Reached XP level 5. HP: 22/22 MP: 6/10
  3067 | D:3      | Noticed Grinder
  3125 | D:3      | Found a transporter.
  3139 | D:3      | Noticed surprisetrex's ghost (amateur HOFE)
  3230 | D:3      | Found a transporter.
  3271 | D:3      | Paralysed by Grinder for 2 turns
  3272 | D:3      | Slain by Grinder
  3273 | D:3      | Reached XP level 4. HP: 0/19 MP: 5/9
  3300 | D:3      | Noticed Purgy
  3319 | D:3      | Killed Purgy
  3319 | D:3      | Reached skill level 4 in Air Magic
  3319 | D:3      | Reached XP level 5. HP: 18/22 MP: 0/11
  3816 | D:3      | Paralysed by Grinder for 7 turns
  3822 | D:3      | Slain by Grinder

Levels and vault maps discovered:
D:1:      evilmike_arrival_hilbert_curve, layout_basic, serial_bayou_pond_d,
          minmay_tiny_reverse_x
D:2:      layout_loops_ring, elyvilon_altar_3, marbit_many_paths,
          fiery_altar_vehumet, lemuel_doored_altar, tso_metal_star, uniq_natasha
D:3:      layout_rooms, gammafunk_ghost_arena, first_ration, uniq_purgy,
          uniq_grinder

Skill      XL: |  1  2  3  4 |
---------------+-------------+-----
Conjurations   | 1 2 |  2.2
Air Magic      | 3 4 |  4.1
Fighting       | 1 2 |  2.0
Spellcasting   | 3 |  3.6
Dodging        | |  2.6
Stealth        | |  2.6

Action                   |  1- 3 |  4- 6 || total
-------------------------+-------+-------++-------
Melee: Unarmed           |    21 |     1 ||    22
       Bite              |     1 |       ||     1
 Cast: Shock             |    81 |    91 ||   172
  Eat: Chunk             |    10 |     7 ||    17
Armor: Skin              |     1 |     1 ||     2
Dodge: Dodged            |    29 |    27 ||    56

Table legend:
 A = Non-vault XP
 B = Vault XP
 C = Vault XP percentage of total XP
 D = Non-vault monster count
 E = Vault monster count
 F = Vault count percentage of total count
                 A         B        C        D         E       F
            +---------+---------+-------+---------+---------+-------
      Total |     166 |     184 |  52.6 |      57 |       5 |   8.1
            +---------+---------+-------+---------+---------+-------
        D:1 |      53 |       2 |   3.6 |      26 |       2 |   7.1
        D:2 |      71 |      48 |  40.3 |      16 |       2 |  11.1
        D:3 |      42 |     134 |  76.1 |      15 |       1 |   6.2
            +---------+---------+-------+---------+---------+-------
